 Dungeon Crawl Stone Soup version 0.15-a0-413-gc6111ba (webtiles) character file.

98 4tharraofdagon the Insei (level 3, 0/23 HPs)
             Began as a Merfolk Transmuter on May 5, 2014.
             Slain by a worm (6 damage)
             ... on Level 3 of the Dungeon.
             The game lasted 00:03:14 (621 turns).

4tharraofdagon the Insei (Merfolk Transmuter)        Turns: 621, Time: 00:03:18

HP   0/23        AC  2     Str 11      XL: 3   Next: 18%
MP   1/6         EV 13     Int 12      God:
Gold 68          SH  0     Dex 12      Spells:  2 memorised,  2 levels left

rFire  . . .     SeeInvis .       - Unarmed
rCold  . . .     Clarity  .     c - +0 robe
rNeg   . . .     Conserve .     (no shield)
rPois  .         rCorr    .     (no helmet)
rElec  .         rRot     .     (no cloak)
SustAb . .       Spirit   .     (no gloves)
rMut   .         Warding  .     (no boots)
Saprov . . .     Stasis   .     (no amulet)
MR     .....                    (no ring)
                                (no ring)

@: very slightly contaminated, not resistant to hostile enchantments, very
unstealthy
A: change form in water, swift swim, fangs 1, clumsy 1, frail 1
a: no special abilities


You were on level 3 of the Dungeon.
You were not hungry.

You visited 1 branch of the dungeon, and saw 3 of its levels.

You collected 68 gold pieces.

Inventory:

Missiles
 b - 12 arrows
Armour
 c - a +0 robe (worn)
 k - a +0 buckler
Comestibles
 a - 3 bread rations
 j - an apple
Potions
 i - a potion of paralysis {unknown}
Books
 d - a book of Changes

   Spells                             Type                      Level
   *Beastly Appendage                 Transmutation                1
   Sticks to Snakes                   Transmutation                2
   *Spider Form                       Transmutation/Poison         3
   Ice Form                           Ice/Transmutation            4
   Blade Hands                        Transmutation                5


   Skills:
 + Level 1.5 Fighting
 + Level 3.3 Dodging
 * Level 3.8 Unarmed Combat
 + Level 2.2 Spellcasting
 + Level 2.8 Transmutations


You had 2 spell levels left.
You knew the following spells:

 Your Spells              Type           Power        Failure   Level  Hunger
a - Beastly Appendage     Trmt           #.....       12%         1    ##.....
b - Spider Form           Trmt/Pois      #.........   56%         3    ####...


Dungeon Overview and Level Annotations

Branches:
Dungeon (3/15)

Altars:


Innate Abilities, Weirdness & Mutations

You revert to your normal form in water.*
You are very nimble and swift while swimming.*
You have very sharp teeth.*
You are clumsy. (Dex -2)
You are frail (-10% HP).


Message History

The creatures around you are filled with an inner flame!
It was a scroll of immolation.
The ogre hits you with a giant club.
Read which item? (? for menu, Esc to quit)
As you read the scroll labeled XIQYVA HAERISH, it crumbles to dust.
Forget which spell ([?*] list [ESC] exit)?
Forget which spell ([?*] list [ESC] exit)?
Okay, then.
It was a scroll of amnesia.
Read which item? (? for menu, Esc to quit)
As you read the scroll labeled CLALYA LIRO, it crumbles to dust.
You feel aware of your surroundings.
It was a scroll of magic mapping.
The ogre barely misses you. The worm barely misses you.
Read which item? (? for menu, Esc to quit)
As you read the scroll labeled TWEMAT HAECHIG, it crumbles to dust.
The scroll dissolves into smoke.
It was a scroll of fog.
The ogre hits you with a giant club!
Ouch! That really hurt!
* * * LOW HITPOINT WARNING * * *
The worm bites you.
You die...

,,*****,,* #..# *,*
,**** ,* *,,* #..#
*,* * **** *** *,,*
#..# *,* *,*,,, ***
#..######..# *,*
*,*, * ,,*
#..........# *,* *,*
* ,,* #.########.#
*,* *,*,* ,,* *, #§#
**,** *,*,* , * * *
#O# *, ,** ,,,*
,,*****,* #@# *
,,,,,,,,* ,,,,,,,,*
#w# *,,,****,**
###*** ,* ###§###
***** *,* #.. ,,,,,*
#.....# *,*
.hh,,,,,,*
#.###.#########*,*
#.#***, ,* #.#
#.##(.....#*,* #.#
#,,,*
#.###.##.####.#*,***
#.# #w,,* #.....##.#
#.#*,,,, #<####..,
##.#####.# #.#*****


You could see a worm (inner flame) and an ogre (inner flame).

Vanquished Creatures
  An adder (D:2)
  A giant gecko (D:1)
  2 giant cockroaches
  4 goblins (D:1)
  3 hobgoblins
  3 kobolds
  2 giant newts
  2 rats
18 creatures vanquished.

Notes
Turn   | Place    | Note
--------------------------------------------------------------
     0 | D:1      | 4tharraofdagon, the Merfolk Transmuter, began the quest for the Orb.
     0 | D:1      | Reached XP level 1. HP: 15/15 MP: 3/3
   160 | D:1      | Reached XP level 2. HP: 12/21 MP: 2/4
   199 | D:3      | Noticed an ogre
   436 | D:2      | Reached XP level 3. HP: 17/26 MP: 4/6
   441 | D:2      | Learned a level 3 spell: Spider Form
   574 | D:3      | Gained mutation: You have very sharp teeth. [potion of mutation]
   574 | D:3      | Gained mutation: You are clumsy. (Dex -2) [potion of mutation]
   574 | D:3      | Gained mutation: You are frail (-10% HP). [potion of mutation]
   608 | D:3      | Noticed an ogre
   621 | D:3      | Slain by a worm

Action                   || total
-------------------------++-------
Melee: Unarmed           ||    63
 Cast: Beastly Appendage ||     7
  Use: Potion            ||     4
       Scroll            ||     4

Vault maps used:
D:1:      dpeg_arrival_rooms_c, kennysheep_boxes
D:2:      first_bread
D:3:      minmay_cut_off
